 Dungeon Crawl Stone Soup version 0.27-a0-550-ge92ec0ca06 (webtiles) character file.

Game seed: 15890044031386566811

21 jasper the Caller (level 2, -2/19 HPs)
             Began as a Mummy Summoner on Mar 7, 2021.
             Killed by divine providence
             ... invoked by an orc priest
              (12 damage)
             ... on level 2 of the Dungeon.
             The game lasted 00:02:07 (1220 turns).

jasper the Caller (Mummy Summoner)                  Turns: 1220, Time: 00:02:07

Health: -2/19      AC:  2    Str: 11    XL:     2   Next: 62%
Magic:  2/5        EV: 12    Int: 14    God:
Gold:   67         SH:  0    Dex: 12    Spells: 3/6 levels left

rFire    x . .     SeeInvis .   c - +0 hunting sling
rCold    + . .     Faith    .   (no shield)
rNeg     + + +     Spirit   .   a - +0 robe
rPois    ∞         Reflect  .   (no helmet)
rElec    .         Harm     .   (no cloak)
rCorr    .         Rampage  .   (no gloves)
Will     .....                  (no boots)
Stlth    ++........             b - amulet of magic regeneration
HPRegen  0.06/turn              (no ring)
MPRegen  0.34/turn              (no ring)

@: no status effects
A: cold resistance 1, negative energy resistance 3, torment resistance 2,
unbreathing 1, heat vulnerability 1, no potions
a: no special abilities


You were on level 2 of the Dungeon.
You visited 1 branch of the dungeon, and saw 2 of its levels.

You collected 67 gold pieces.

Inventory:

Hand Weapons
 c - a +0 hunting sling (weapon)
Missiles
 e - 56 stones (quivered ammo)
Armour
 a - a +0 robe (worn)
Jewellery
 b - an amulet of magic regeneration (around neck)
Scrolls
 d - a scroll of magic mapping {unknown}
 f - a scroll of teleportation {unknown}
 g - a scroll of identify {unknown}
 h - a scroll of amnesia {unknown}


   Skills:
 - Level 1.5 Dodging
 - Level 1.5 Stealth
 - Level 2.6 Spellcasting
 + Level 4.0 Summonings


You had 3 spell levels left.
You knew the following spells:

 Your Spells              Type           Power      Damage    Failure   Level
a - Summon Small Mammal   Summ           52%        N/A       4%          1
b - Call Imp              Summ           13%        N/A       6%          2

Your spell library contained the following spells:

 Spells                   Type           Power      Damage    Failure   Level
 Call Canine Familiar     Summ           13%        N/A       13%         3
 Summon Guardian Golem    Hex/Summ       7%         N/A       28%         3
 Summon Ice Beast         Ice/Summ       7%         N/A       67%         4
 Summon Lightning Spire   Summ/Air       7%         N/A       67%         4


Dungeon Overview and Level Annotations

Branches:
Dungeon (2/15)

Altars:
Cheibriados


Innate Abilities, Weirdness & Mutations

You are immune to poison.
Your flesh is cold resistant. (rC+)
You are immune to negative energy. (rN+++)
You are immune to unholy pain and torment.
You can survive without breathing.
You are vulnerable to heat. (rF-)
You do not drink.


Message History

Press: ? - help, Q - select action, (/) - cycle Dir - look around, f - activate A beastly little devil appears in a puff of flame.
The orc priest hits your crimson imp with a +1 trident of flaming!
You now have 3/5 mp.
What are your orders? t - Shout!
Orders for allies: a - Attack new target. r - Retreat! s - Stop attacking. g - Guard the area. f - Follow me.
Anything else - Cancel.
Gang up on whom?
Press: ? - help, Dir - move target, f - orc priest
Aim: an orc priest, wielding a +1 trident of flaming and wearing a +0 leather armour (lightly wounded, ally target) Attack!
Your crimson imp blinks!
The orc priest begins to cast a cantrip, but forgets the words!
Your crimson imp hits the orc priest but does no damage.
Casting: Call Imp (safe; 6% risk of failure)
Press: ? - help, Q - select action, (/) - cycle Dir - look around, f - activate A beastly little devil appears in a puff of frigid air.
The orc priest looks braver for a moment.
Your crimson imp hits the orc priest.
You now have 2/5 mp.
Your crimson imp disappears in a puff of smoke!
The orc priest begins to cast a cantrip, but forgets the words!
Your crimson imp hits the orc priest.
Your crimson imp disappears in a puff of smoke!
Casting: Call Imp (safe; 6% risk of failure)
Press: ? - help, Q - select action, (/) - cycle Dir - look around, f - activate A shadowy apparition takes form in the air.
You now have 1/5 mp.
You swap places.
Your crimson imp hits the orc priest but does no damage.
The orc priest closely misses your crimson imp.
Your crimson imp closely misses the orc priest.
Your shadow imp completely misses the orc priest.
The orc priest mumbles some strange prayers to Beogh against you.
Beogh smites you!
Ouch! That really hurt!
You die...

##..##### #
###.†.# ### #
##...#.#######
###..###......oo
##o..##
###.5...5
##5o###
###...... #55##
#........ ##<##
#####.#......
#.@#
#.......#####
#...## #########
#....# #....
#.... #... #...
#..


You could see an orc priest (ally target), an orc, a friendly crimson imp
(summoned), a friendly white imp (summoned) and a friendly shadow imp
(summoned).

Vanquished Creatures
  A dart slug (D:1)
  A bat (D:1)
  A kobold (D:1)
  2 rats
5 creatures vanquished.

Vanquished Creatures (collateral kills)
  A worm (D:2)
  An orc (D:2)
  2 ball pythons (D:1)
  3 goblins (D:1)
  3 hobgoblins (D:1)
  2 bats (D:1)
  2 frilled lizards (D:1)
  4 rats (D:1)
18 creatures vanquished.

Vanquished Creatures (others)
  3 plants (D:1)
3 creatures vanquished.

Grand Total: 26 creatures vanquished

Notes
Turn   | Place    | Note
-------+----------+-------------------------------------------
     0 | D:1      | jasper the Mummy Summoner began the quest for the Orb.
     0 | D:1      | Reached XP level 1. HP: 13/13 MP: 4/4
   422 | D:1      | Reached XP level 2. HP: 19/19 MP: 5/5
   425 | D:1      | Learned a level 2 spell: Call Imp
  1166 | D:2      | Found a snail-covered altar of Cheibriados.
  1195 | D:2      | Reached skill level 4 in Summonings
  1220 | D:2      | Killed from afar by an orc priest

Illustrated notes

Levels and vault maps discovered:
D:1:      sevenhm_arrival_forest_fort_small_6, layout_loops_cross,
          chequers_big_river
D:2:      layout_rooms, lemuel_crystal_altar, lemuel_doored_altar, uniq_sigmund

Skill      XL: |  1  2 |
---------------+-------+-----
Summonings     | 4 |  4.0
Dodging        | |  1.5
Stealth        | |  1.5
Spellcasting   | |  2.6

Action                   || total
-------------------------++-------
 Fire: Hunting sling     ||    11
 Cast: Summon Small Mamm ||    25
       Call Imp          ||    18
Armor: Robe              ||     3
Dodge: Dodged            ||     6

Table legend: (Time is in decaauts)
 A = Elapsed time spent in this place.
 B = Non-inter-level travel time spent in this place.
 C = Inter-level travel time spent in this place.
 D = Time resting spent in this place.
 E = Time spent auto-exploring this place.
 F = Levels seen in this place.
 G = Mean time per level.
                   A        B        C        D        E       F      G
               +--------+--------+--------+--------+--------+-----+--------+
         Total |   1234 |   1192 |     42 |     21 |    929 |   2 |  617.0 |
       Dungeon |   1234 |   1192 |     42 |     21 |    929 |   2 |  617.0 |
               +--------+--------+--------+--------+--------+-----+--------+

Top non-repeatable levels by time:
     D:1: 1134 daAuts
     D:2: 99 daAuts
